 Dungeon Crawl Stone Soup version 0.30-a0-652-gcc886f7154 (webtiles) character file.

Game seed: 11547190377644601987

1580 Dittersdorf the Trooper (level 8, 0/52 HPs)
             Began as a Gargoyle Fighter on Jan 17, 2023.
             Was a Believer of Okawaru.
             Slain by a gnoll sergeant
             ... wielding a +0 heavy spear
              (14 damage)
             ... on level 7 of the Dungeon.
             The game lasted 00:07:49 (5673 turns).

Dittersdorf the Trooper (Gargoyle Fighter)          Turns: 5673, Time: 00:07:50

Health: 0/52       AC: 25    Str: 22    XL:     8   Next: 91%
Magic:  6/8        EV:  8    Int:  9    God:    Okawaru [**....]
Gold:   386        SH: 11    Dex:  9    Spells: 7/7 levels left

rFire   . . .      SeeInvis .    x - +0 flail (drain)
rCold   . . .      Faith    .    b - +0 kite shield
rNeg    + . .      Spirit   .    q - +0 chain mail
rPois   ∞          Reflect  .    A - +2 helmet
rElec   +          Harm     .    (no cloak)
rCorr   +          Rampage  .    p - +0 pair of gloves
Will    .....                    k - +1 pair of boots Stlth
                                 (no amulet)
HPRegen 0.28/turn                g - ring "Ihutel" {+Blink rCorr}
MPRegen 0.11/turn                (no ring)

@: heroic
A: sickness immunity, AC +5, negative energy resistance 1, electricity
resistance, torment resistance 1, petrification resistance
a: Renounce Religion, Evoke Blink, Heroism


You were on level 7 of the Dungeon.
You worshipped Okawaru.
Okawaru was pleased with you.
You visited 1 branch of the dungeon, and saw 7 of its levels.

You collected 386 gold pieces.

Inventory:

Hand Weapons
 x - a +0 flail of draining (weapon)
Missiles
 c - a throwing net
 l - 22 poisoned darts (quivered)
Armour
 b - a +0 kite shield (worn)
 k - a +1 pair of boots (worn)
 n - a +0 plate armour
 p - a +0 pair of gloves (worn)
 q - a +0 chain mail (worn)
 A - a +2 helmet (worn)
Jewellery
 g - the ring "Ihutel" (left hand) {+Blink rCorr}
   (You found it on level 4 of the Dungeon)

   [ring of resist corrosion]

   +Blink:    It lets you blink.
   rCorr:     It protects you from acid and corrosion.
 C - the amulet "Xafeer" {Spirit Str+2}
   (You found it on level 6 of the Dungeon)

   [amulet of guardian spirit]

   It causes incoming damage to be divided between your reserves of health and
   magic.
   Str:       It affects your strength (+2).
Scrolls
 a - a scroll of enchant weapon {unknown}
 e - a scroll of fog {unknown}
 f - a scroll of immolation {unknown}
 i - a scroll of enchant armour {unknown}
 j - 2 scrolls of teleportation
 r - a scroll of vulnerability {unknown}
 s - a scroll of silence {unknown}
 w - a scroll of fear {unknown}
 y - 2 scrolls of blinking {unknown}
 B - a scroll of amnesia {unknown}
Potions
 d - 2 potions of might
 h - a potion of heal wounds
 m - 2 potions of flight
 o - a potion of cancellation {unknown}
 t - a potion of brilliance {unknown}
 u - 2 potions of curing
 v - a potion of resistance {unknown}
 z - a potion of attraction {unknown}
 D - a potion of haste {unknown}


   Skills:
 + Level 6.8(11.8) Fighting
 + Level 5.7(10.7) Maces & Flails
 + Level 6.8(11.8) Armour
 + Level 6.7(11.7) Shields


You had 7 spell levels left.
You didn't know any spells.
Your spell library was empty.

Dungeon Overview and Level Annotations

Branches:
Dungeon (7/15)             Temple (0/1) D:6

Altars:
Dithmenos
Elyvilon
Hepliaklqana
Makhleb
Okawaru
Ru
Wu Jian
Zin
The Shining One

Shops:
D:2 ?   D:6 ?


Innate Abilities, Weirdness & Mutations

You are immune to sickness and miasma.
Your stone body is resilient. (AC +5)
You are immune to poison.
You resist negative energy. (rN+)
You are resistant to electric shocks. (rElec)
You are resistant to unholy torment.
You are immune to petrification.


Message History

You are too injured to fight recklessly!
You are too injured to fight recklessly!
You are too injured to fight recklessly!
You are too injured to fight recklessly!
You are too injured to fight recklessly!
You are too injured to fight recklessly!
You are too injured to fight recklessly!
You are too injured to fight recklessly!
You are too injured to fight recklessly!
You are too injured to fight recklessly!
You are too injured to fight recklessly!
You are too injured to fight recklessly!
You are too injured to fight recklessly!
You are too injured to fight recklessly!
You are too injured to fight recklessly!
You are too injured to fight recklessly!
The white imp attacks as you move away! The white imp barely misses you.
The white imp gestures at you.
The puff of frost hits you but does no damage.
You sock the gnoll!
The gnoll is almost dead.
The gnoll barely misses you.
You completely miss the gnoll.
The gnoll is almost dead.
The gnoll hits you but does no damage. You block the gnoll sergeant's attack.
You sock the gnoll!
You kill the gnoll!
Okawaru accepts your kill.
You gain the combat prowess of a mighty hero.
The white imp lashes its tail.
The white imp gestures at you. The puff of frost hits you!
* * * LOW HITPOINT WARNING * * *
You block the gnoll's attack.
The gnoll sergeant hits you but does no damage.
A gnoll comes into view. It is wielding a +0 flail.
You closely miss the white imp. The white imp closely misses you.
The gnoll closely misses you.
The gnoll sergeant hits you from afar with a +0 heavy spear!
You die...

##...>.. .
......## ..
....... #. .....
<. ..g. .###.#gg#
......gg# #5#
#@### #...##
###..#### .
##....## #.
####..## #.
######..#######.
..............##.
..........).#....
..........))#....


You could see a gnoll sergeant, 4 gnolls and a white imp.

Vanquished Creatures
  An ice beast (D:6)
  2 sky beasts
  2 black bears
  An ogre (D:5)
  3 centaurs
  A kobold brigand (D:6)
  A bullfrog (D:6)
  A gnoll sergeant (D:5)
  3 hounds (D:5)
  A jelly (D:5)
  An orc priest (D:4)
  Natasha (thrice) (D:2)
  3 iguanas (D:5)
  2 orc wizards
  8 gnolls
  5 adders
  2 shadow imps
  2 ufetubi
  2 worms
  4 dart slugs
  11 orcs
  4 ball pythons
  8 bats
  6 endoplasms
  2 giant cockroaches
  9 goblins
  5 hobgoblins
  3 jackals (D:1)
  8 kobolds
  7 quokkas
  2 frilled lizards
  5 rats
118 creatures vanquished.

Notes
Turn   | Place    | Note
-------+----------+-------------------------------------------
     0 | D:1      | Dittersdorf the Gargoyle Fighter began the quest for the
                  | Orb.
     0 | D:1      | Reached XP level 1. HP: 14/14 MP: 1/1
   106 | D:1      | Reached XP level 2. HP: 19/19 MP: 2/2
   338 | D:1      | Found a faded altar of an unknown god.
   458 | D:1      | Reached XP level 3. HP: 23/23 MP: 3/3
   933 | D:2      | Found Gigatol's Magic Scroll Emporium.
  1197 | D:2      | Noticed Natasha
  1211 | D:2      | Killed Natasha
  1212 | D:2      | Reached XP level 4. HP: 14/29 MP: 4/4
  1450 | D:2      | Noticed Natasha
  1461 | D:2      | Killed Natasha
  1479 | D:2      | Noticed Natasha
  1489 | D:2      | Killed Natasha
  1490 | D:2      | Reached XP level 5. HP: 28/33 MP: 5/5
  1643 | D:3      | Found an iron altar of Okawaru.
  1652 | D:3      | Became a worshipper of Warmaster Okawaru
  2396 | D:4      | Noticed a black bear
  2408 | D:4      | Killed a black bear
  2409 | D:4      | Reached XP level 6. HP: 9/39 MP: 6/6
  2530 | D:4      | Found an ornate altar of the Wu Jian Council.
  2601 | D:4      | Identified the ring "Ihutel" {+Blink rCorr}
  2631 | D:4      | Found a hazy altar of Hepliaklqana.
  2949 | D:4      | Found a white marble altar of Elyvilon.
  2949 | D:4      | Found a glowing silver altar of Zin.
  2955 | D:4      | Found a glowing golden altar of the Shining One.
  3068 | D:4      | Found a shadowy altar of Dithmenos.
  3215 | D:4      | Found a burning altar of Makhleb.
  3250 | D:4      | Identified the +2 pair of gloves of Reginly {Drain rF++
                  | Will+++ Str-3}
  3413 | D:5      | Entered Level 5 of the Dungeon
  3576 | D:5      | Reached skill level 5 in Fighting
  3668 | D:5      | Reached skill level 5 in Armour
  3668 | D:5      | Reached skill level 5 in Shields
  3668 | D:5      | Reached XP level 7. HP: 41/44 MP: 7/7
  3939 | D:5      | Reached * piety under Okawaru
  4154 | D:5      | Reached XP level 8. HP: 48/51 MP: 5/8
  4400 | D:6      | Reached skill level 5 in Maces & Flails
  4589 | D:6      | Found a staircase to the Ecumenical Temple.
  4674 | D:6      | Reached ** piety under Okawaru
  4813 | D:6      | Found a sacrificial altar of Ru.
  4974 | D:6      | Found Hofyipn's Magic Scroll Emporium.
  5170 | D:6      | Identified the amulet "Xafeer" {Spirit Str+2}
  5673 | D:7      | Slain by a gnoll sergeant

Illustrated notes

Levels and vault maps discovered:
D:1:      dpeg_arrival_short_road, layout_loops_ring, basic_ecumenical_altar
D:2:      minmay_chambers_of_ones, layout_loops_ring, serial_shops, shop_statue,
          uniq_natasha
D:3:      layout_loops_ring, overflow_temple_1_default, chequers_garden
D:4:      layout_basic, good_gods_mini_temple, nzn_hepliaklqana_mist_gate,
          nicolae_overflow_crystal_walls, grunt_dithmenos_smoke_and_mirrors,
          amcnicky_altar_gilded, minmay_misc_feat_plants
D:5:      layout_gridville
D:6:      layout_loops_ring, mainiacjoe_overflow_small_starburst,
          minmay_temple_entry_trees, serial_shops, kennysheep_mini
D:7:      layout_basic, biasface_ghost_orc_armoury

Skill      XL: |  1  2  3  4  5  6  7  8 |
---------------+-------------------------+-----
Fighting       | 4 5 6 |  6.8
Shields        | 4 5 6 |  6.7
Armour         | 4 5 6 |  6.8
Maces & Flails | 3 4 5 |  5.7

Action                   |  1- 3 |  4- 6 |  7- 9 || total
-------------------------+-------+-------+-------++-------
Melee: Flail             |   135 |   163 |   155 ||   453
Invok: Heroism           |       |       |     2 ||     2
  Use: Scroll            |       |     3 |     4 ||     7
Armor: Scale mail        |   100 |    98 |       ||   198
       Chain mail        |       |       |   162 ||   162
Dodge: Dodged            |    85 |    68 |    78 ||   231
Block: Buckler           |    27 |    38 |    27 ||    92
       Kite shield       |       |       |    53 ||    53

Table legend: (Time is in decaauts)
 A = Elapsed time spent in this place.
 B = Non-inter-level travel time spent in this place.
 C = Inter-level travel time spent in this place.
 D = Time resting spent in this place.
 E = Time spent auto-exploring this place.
 F = Levels seen in this place.
 G = Mean time per level.
                   A        B        C        D        E       F      G
               +--------+--------+--------+--------+--------+-----+--------+
         Total |   5837 |   5496 |    341 |    366 |   3973 |   7 |  833.9 |
       Dungeon |   5837 |   5496 |    341 |    366 |   3973 |   7 |  833.9 |
               +--------+--------+--------+--------+--------+-----+--------+

Top non-repeatable levels by time:
     D:4: 1082 daAuts
     D:2: 1030 daAuts
     D:5: 975 daAuts
     D:6: 968 daAuts
     D:1: 747 daAuts
     D:3: 727 daAuts
     D:7: 305 daAuts
